[Event "Januariturneringen"]
[Site "?"]
[Date "2009.01.11"]
[Round "5"]
[White "Kärrlander, Gunnar"]
[Black "Fuentes, Ruben"]
[Result "1/2-1/2"]
[ECO "B05"]
[WhiteElo "1917"]
[BlackElo "1944"]
[Annotator "Persson,Per"]
[PlyCount "21"]
[TimeControl "240+2"]

{318MB, Fritz10.ctg} 1. e4 Nf6 2. e5 Nd5 3. d4 d6 4. Nf3 Nc6 5. Be2 Bg4 6. exd6
exd6 7. O-O Be7 8. Re1 O-O 9. Nbd2 Nf4 10. c3 Nxe2+ 11. Qxe2 1/2-1/2

[Event "Januariturneringen"]
[Site "?"]
[Date "2009.01.11"]
[Round "5"]
[White "Mathiesen, Daniel"]
[Black "Heijdenberg, Ronny"]
[Result "1/2-1/2"]
[ECO "A08"]
[WhiteElo "1641"]
[BlackElo "1647"]
[Annotator "Persson,Per"]
[PlyCount "89"]
[TimeControl "240+2"]

{318MB, Fritz10.ctg} 1. Nf3 d5 2. g3 Nf6 3. Bg2 c5 4. d3 e6 5. Nbd2 Nbd7 6. O-O
Be7 7. e4 dxe4 8. dxe4 Qc7 9. b3 O-O 10. Bb2 e5 11. Nc4 Nxe4 12. Nfxe5 Ndf6 13.
Qe2 Ng5 14. h4 Ne6 15. Rad1 Re8 16. Rfe1 Nd4 17. Bxd4 cxd4 18. Rxd4 Bc5 19. Rf4
Bb4 20. Rd1 Bc3 21. Rfd4 Bxd4 22. Rxd4 Nd7 23. f4 Nxe5 24. fxe5 Qe7 25. Nd6 Rd8
26. Qf2 f6 27. exf6 gxf6 28. Qf4 Rb8 29. Bd5+ Kh8 30. Nf7+ Kg8 31. Nxd8+ Kg7
32. Ne6+ Bxe6 33. Qxb8 Bxd5 34. Rxd5 Qe1+ 35. Kh2 Qe2+ 36. Kg1 Qe1+ 37. Kh2
Qe2+ 38. Kg1 Qe1+ 39. Kh2 Qe2+ 40. Kh3 Qe6+ 41. Kh2 Qe2+ 42. Kh3 Qe6+ 43. g4
Qxd5 44. Qg3 Qh1+ 45. Qh2 1/2-1/2

[Event "Januariturneringen"]
[Site "?"]
[Date "2009.01.11"]
[Round "5"]
[White "Fahlberg, Kenneth"]
[Black "Gustafsson, Fredrik"]
[Result "1-0"]
[ECO "E01"]
[WhiteElo "1702"]
[BlackElo "1763"]
[Annotator "Persson,Per"]
[PlyCount "81"]
[TimeControl "240+2"]

{318MB, Fritz10.ctg} 1. d4 Nf6 2. c4 e6 3. Nf3 d5 4. Nc3 c6 5. g3 Bb4 6. Bg5
Nbd7 7. Bg2 Qa5 8. O-O Bxc3 9. bxc3 Qxc3 10. cxd5 exd5 11. Rc1 Qa5 12. Qc2 O-O
13. Rfe1 Ne4 14. Bd2 Qd8 15. Ne5 Ndf6 16. f3 Nxd2 17. Qxd2 Re8 18. Qf4 Be6 19.
g4 Nd7 20. Nxd7 Qxd7 21. Red1 Re7 22. h3 Rae8 23. e4 f6 24. Qg3 Bf7 25. h4 a6
26. g5 fxg5 27. hxg5 dxe4 28. fxe4 Bxa2 29. d5 cxd5 30. Qa3 Bc4 31. Rxc4 b5 32.
Rcd4 Qa7 33. exd5 Re1+ 34. Kh2 Rxd1 35. Rxd1 Qf7 36. Qf3 Qg6 37. d6 Qxg5 38.
Qd5+ Qxd5 39. Bxd5+ Kh8 40. d7 Rd8 41. Re1 1-0

[Event "Januariturneringen"]
[Site "?"]
[Date "2009.01.11"]
[Round "5"]
[White "Åhman, Leif"]
[Black "Ahlin, Jim"]
[Result "0-1"]
[ECO "B01"]
[WhiteElo "2121"]
[BlackElo "1900"]
[Annotator "Persson,Per"]
[PlyCount "72"]
[TimeControl "240+2"]

{318MB, Fritz10.ctg} 1. e4 d5 2. exd5 Nf6 3. d4 Nxd5 4. Nf3 c6 5. Be2 Nd7 6.
O-O N7f6 7. c4 Nb6 8. h3 Bf5 9. Nc3 h6 10. Ne5 e6 11. Be3 Be7 12. Qd2 Nfd7 13.
Nxd7 Qxd7 14. d5 Bf6 15. Rfd1 exd5 16. Bxb6 axb6 17. cxd5 O-O 18. Bf3 Rfd8 19.
Qf4 c5 20. Qc4 Be5 21. Qb3 Qd6 22. Re1 Re8 23. Na4 Bd4 24. Red1 Qg6 25. Rac1
Bxh3 26. Kf1 Bf5 27. Nxb6 Rad8 28. Nc4 Qg5 29. Kg1 Qh4 30. Rd2 Be4 31. Re2 b5
32. Qxb5 Qg5 33. Rce1 Bxf3 34. Rxe8+ Kh7 35. Ne3 Rxe8 36. g3 Qh5 0-1